 Dungeon Crawl Stone Soup version 0.30-a0-652-gcc886f7154 (webtiles) character file.

Game seed: 5335332924562540653

116 funkygono the Magician (level 4, -1/30 HPs)
             Began as a Demonspawn Fire Elementalist on Jan 17, 2023.
             Slain by Grinder (2 damage)
             ... on level 3 of the Dungeon.
             The game lasted 00:03:24 (3046 turns).

funkygono the Magician (DsFE)                       Turns: 3046, Time: 00:03:25

Health: -1/30      AC:  4    Str:  8    XL:     4   Next: 70%
Magic:  0/9        EV: 12    Int: 19    God:
Gold:   138        SH:  0    Dex: 13    Spells: 4/10 levels left

rFire   + . .      SeeInvis .    d - +0 whip
rCold   . . .      Faith    .    (no shield)
rNeg    . . .      Spirit   .    a - +0 robe
rPois   .          Reflect  .    (helmet restricted)
rElec   .          Harm     .    c - +0 cloak
rCorr   .          Rampage  .    (no gloves)
Will    .....                    f - +0 pair of boots
Stlth   ++                       (no amulet)
HPRegen 0.25/turn                j - ring of protection from fire
MPRegen 0.11/turn                (no ring)

@: no status effects
A: antennae 1
a: no special abilities


You were on level 3 of the Dungeon.
You visited 1 branch of the dungeon, and saw 3 of its levels.

You collected 138 gold pieces.

Inventory:

Hand Weapons
 d - a +0 whip (weapon)
 h - a +2 short sword of venom
 m - a +0 mace
Armour
 a - a +0 robe (worn)
 c - a +0 cloak (worn)
 f - a +0 pair of boots (worn)
 q - a +0 leather armour
Magical Staves
 l - a staff of cold
Jewellery
 j - a ring of protection from fire (left hand)
Scrolls
 e - 2 scrolls of identify {unknown}
 g - 3 scrolls of amnesia {unknown}
 k - a scroll of noise {unknown}
 n - a scroll of blinking {unknown}
 o - a scroll of torment {unknown}
 p - a scroll of poison {unknown}
Potions
 b - 2 potions of magic
 i - 4 potions of curing {unknown}
 r - a potion of brilliance {unknown}


   Skills:
 + Level 2.2 Dodging
 - Level 1.7 Stealth
 + Level 3.5 Spellcasting
 + Level 1.5 Conjurations
 + Level 3.4 Fire Magic


You had 4 spell levels left.
You knew the following spells:

 Your Spells              Type           Power      Damage    Failure   Level
a - Foxfire               Conj/Fire      48%        2x1d6     5%          1
b - Scorch                Fire           32%        2d6       5%          2
c - Kindle Blastsparks    Fire/Tloc/Air  14%        2d11      26%         3

Your spell library contained the following spells:

 Spells                   Type           Power      Damage    Failure   Level
 Freeze                   Ice            12%        1d3       14%         1
 Inner Flame              Hex/Fire       9%         N/A       22%         3
 Hailstorm                Conj/Ice       6%         3d4       32%         3
 Frozen Ramparts          Ice            6%         1d1       41%         3
 Flame Wave               Conj/Fire      12%        2d6       45%         4


Dungeon Overview and Level Annotations

Branches:
Dungeon (3/15)

Altars:

Annotations:
D:3 Grinder


Innate Abilities, Weirdness & Mutations

You have a pair of small antennae on your head.


Message History

Grinder comes into view.
Grinder shouts!
Grinder blinks!
Casting: Foxfire (safe; 5% risk of failure)
Confirm with . or Enter, or press ? or * to list all spells.
You conjure some foxfire!
The foxfire hits Grinder.
Grinder is lightly wounded.
The foxfire hits Grinder.
Grinder is lightly wounded.
Grinder gestures at you. Pain shoots through your body!
Casting: Foxfire (safe; 5% risk of failure)
Confirm with . or Enter, or press ? or * to list all spells.
Flames lash Grinder.
Grinder is moderately wounded.
Grinder's fire resistance burns away.
Grinder gestures at you. Pain shoots through your body!
Casting: Scorch (safe; 5% risk of failure)
Confirm with . or Enter, or press ? or * to list all spells.
Flames lash Grinder.
Grinder is burned terribly!
Grinder is heavily wounded.
Grinder hits you.
You writhe in agony.
* * * LOW HITPOINT WARNING * * *
Casting: Scorch (safe; 5% risk of failure)
Confirm with . or Enter, or press ? or * to list all spells.
Flames lash Grinder.
Grinder is burned terribly!
Grinder is severely wounded.
Grinder gestures at you.
You suddenly lose the ability to move!
Grinder hits you.
* * * LOW HITPOINT WARNING * * *
You can move again.
Casting: Scorch (safe; 5% risk of failure)
Confirm with . or Enter, or press ? or * to list all spells.
Flames lash Grinder.
Grinder is burned terribly!
Grinder is severely wounded.
Grinder hits you.
You die...

###..######...#
....####.....##
#######....###
######...### .........#
.###..##.# . .###....)#
... ...).##### #####.....
......##########@5[<.....
.............##..###.....
......###...###.## ...
......# ###.....# .
......# ##....#
......######.##.#
#.##.........##..#
..##..##########...
[.#...##### ##..


You could see Grinder (combustible).

Vanquished Creatures
  A gnoll (D:1)
  4 adders
  A worm (D:2)
  2 dart slugs (D:2)
  5 orcs (D:3)
  4 ball pythons
  3 bats
  6 endoplasms
  3 giant cockroaches
  4 goblins
  4 hobgoblins
  3 jackals (D:3)
  3 quokkas (D:1)
  3 frilled lizards
  4 kobolds
  3 rats (D:1)
53 creatures vanquished.

Vanquished Creatures (others)
  183 foxfires
183 creatures vanquished.

Grand Total: 236 creatures vanquished

Notes
Turn   | Place    | Note
-------+----------+-------------------------------------------
     0 | D:1      | funkygono the Demonspawn Fire Elementalist began the quest
                  | for the Orb.
     0 | D:1      | Reached XP level 1. HP: 13/13 MP: 3/3
   457 | D:1      | Gained mutation: You have a pair of small antennae on your
                  | head. [demonic ancestry]
   457 | D:1      | Reached XP level 2. HP: 19/19 MP: 3/5
   460 | D:1      | Learned a level 2 spell: Scorch
  1051 | D:1      | Reached XP level 3. HP: 24/24 MP: 4/6
  1055 | D:1      | Learned a level 3 spell: Kindle Blastsparks
  1960 | D:2      | Reached XP level 4. HP: 27/30 MP: 4/8
  2473 | D:2      | Found a faded altar of an unknown god.
  3038 | D:3      | Noticed Grinder
  3044 | D:3      | Paralysed by Grinder for 2 turns
  3045 | D:3      | HP: 1/30 [Grinder (5)]
  3046 | D:3      | Slain by Grinder

Illustrated notes

Levels and vault maps discovered:
D:1:      psy_arrival_statuary, layout_loops_ring
D:2:      layout_basic, ebering_ecumenical_altar_mist
D:3:      layout_rooms, zin_statuary, kennysheep_generic_room_2, uniq_grinder

Skill      XL: |  1  2  3  4 |
---------------+-------------+-----
Fire Magic     | 3 |  3.4
Dodging        | 2 |  2.2
Spellcasting   | 3 |  3.5
Stealth        | |  1.7
Conjurations   | |  1.5

Action                   |  1- 3 |  4- 6 || total
-------------------------+-------+-------++-------
Melee: Unarmed           |     8 |       ||     8
       Whip              |     4 |       ||     4
 Cast: Foxfire           |    69 |    35 ||   104
       Scorch            |     3 |     5 ||     8
Armor: Robe              |    12 |     3 ||    15
Dodge: Dodged            |    25 |     5 ||    30

Table legend: (Time is in decaauts)
 A = Elapsed time spent in this place.
 B = Non-inter-level travel time spent in this place.
 C = Inter-level travel time spent in this place.
 D = Time resting spent in this place.
 E = Time spent auto-exploring this place.
 F = Levels seen in this place.
 G = Mean time per level.
                   A        B        C        D        E       F      G
               +--------+--------+--------+--------+--------+-----+--------+
         Total |   3044 |   3009 |     35 |     20 |   2552 |   3 | 1014.7 |
       Dungeon |   3044 |   3009 |     35 |     20 |   2552 |   3 | 1014.7 |
               +--------+--------+--------+--------+--------+-----+--------+

Top non-repeatable levels by time:
     D:2: 1430 daAuts
     D:1: 1145 daAuts
     D:3: 468 daAuts
